 Dungeon Crawl Stone Soup version 0.21.1-1-g345015f (webtiles) character file.

669 shakethe the Conjurer (level 7, -2/39 HPs)
             Began as a Deep Elf Conjurer on Feb 27, 2018.
             Slain by a centaur (6 damage)
             ... on level 5 of the Dungeon.
             The game lasted 00:18:27 (5710 turns).

shakethe the Conjurer (Deep Elf Conjurer)           Turns: 5710, Time: 00:18:28

Health: -2/39      AC:  9    Str:  5    XL:     7   Next: 32%
Magic:  8/18       EV: 12    Int: 22    God:
Gold:   167        SH:  0    Dex: 15    Spells: 1/18 levels left

rFire    . . .     SeeInvis .   s - +3 quarterstaff (chaos)
rCold    + . .     Gourm    .   (shield currently unavailable)
rNeg     . . .     Faith    .   v - +3 leather armour of Least Resistance {rElec rC+ MR+}
rPois    .         Spirit   .   g - +0 helmet
rElec    +         Reflect  .   r - +0 cloak
rCorr    .         Harm     .   t - +0 pair of gloves
MR       +....                  (no boots)
Stlth    ++........             (no amulet)
HPRegen  0.13/turn              (no ring)
MPRegen  0.16/turn              (no ring)

@: drained
A: no striking features
a: no special abilities


You were on level 5 of the Dungeon.
You were not hungry.

You visited 1 branch of the dungeon, and saw 5 of its levels.

You collected 167 gold pieces.

Inventory:

Hand Weapons
 e - a +0 whip
   (You took it off a kobold on level 1 of the Dungeon)
 s - a +3 quarterstaff of chaos (weapon)
   (You took it off Crazy Yiuf on level 2 of the Dungeon)
Missiles
 j - 5 needles of frenzy
 k - 71 stones (quivered)
 l - 50 poisoned needles
Armour
 a - a +0 robe
 g - a +0 helmet (worn)
   (You found it on level 1 of the Dungeon)
 r - a +0 cloak (worn)
   (You took it off Crazy Yiuf on level 2 of the Dungeon)
 t - a +0 pair of gloves (worn)
   (You found it on level 3 of the Dungeon)
 v - the +3 leather armour of Least Resistance (worn) {rElec rC+ MR+}
   (You found it on level 4 of the Dungeon)

   It protects you from cold.
   It insulates you from electricity.
   It affects your resistance to hostile enchantments.
Jewellery
 u - an uncursed ring of ice {rC+, rF-}
   (You found it on level 3 of the Dungeon)
Scrolls
 f - 4 scrolls of identify
 n - a scroll of blinking {unknown}
 x - a scroll of enchant weapon
 y - a scroll of amnesia {unknown}
 A - a scroll of fog {unknown}
Potions
 d - 3 potions of heal wounds {unknown}
 h - 2 potions of invisibility
 m - 2 potions of curing
 o - a potion of mutation {unknown}
 p - 3 potions of haste
 q - 3 potions of flight {unknown}
 w - a potion of magic
Books
 b - a book of Conjurations
 B - a book of Misfortune
   (You found it on level 4 of the Dungeon)
Comestibles
 c - 5 rations


   Skills:
 - Level 1.7(1.3) Fighting
 - Level 3.7(3.3) Dodging
 - Level 3.9(3.4) Stealth
 - Level 6.2(5.7) Spellcasting
 - Level 6.4(5.9) Conjurations
 + Level 3.7(3.3) Hexes


You had one spell level left.
You knew the following spells:

 Your Spells              Type           Power        Failure   Level  Hunger
a - Magic Dart            Conj           ####         1%          1    None
b - Searing Ray           Conj           ####..       1%          2    None
c - Dazzling Spray        Conj/Hex       ####..       7%          3    ##.....
d - Force Lance           Conj/Tloc      ###.....     41%         4    ####...
e - Confuse               Hex            ###.....     12%         3    ##.....
x - Iskenderun's Mystic   Conj           ####....     14%         4    ####...


Dungeon Overview and Level Annotations

Branches:
Dungeon (5/15)
 Temple: D:4-7

Altars:
Ashenzari
Cheibriados
Kikubaaqudgha
Makhleb
Nemelex Xobeh
Okawaru
Wu Jian
Xom
Yredelemnul
The Shining One


Message History

The orc wizard looks as sick as possible!
You kill the orc wizard!
The orc hits you but does no damage.
The orc wizard shouts!
You hit the orc. You burn the orc. The orc misses you.
The crimson imp blinks!
The orc wizard mumbles some strange words.
The orc wizard blinks!
The orc closely misses you.
You hit the orc but do no damage. The orc barely misses you.
You hit the orc. You freeze the orc.
You kill the orc!
The crimson imp misses you.
A centaur comes into view.
You hit the crimson imp. The crimson imp closely misses you.
A ball python comes into view.
As you read the scroll of teleportation, it crumbles to dust.
You feel strangely unstable.
The ball python moves out of view.
The crimson imp blinks!
You open the door.
Your surroundings suddenly seem different.
You open the door.
There is an open door here.
Okay, then.
You close the door.
A ball python is nearby!
The orc wizard shouts!
The ball python hisses angrily.
The crimson imp blinks!
Aim: a ball python The searing ray hits the ball python.
You kill the ball python! (Press . to maintain the ray.)
You now have 5/18 mp.
You now have 4/18 mp.
The searing ray hits the orc wizard.
The orc wizard hits you but does no damage.
You feel drained.
The searing ray hits the orc wizard.
You finish channeling your searing ray.
The orc wizard hits you but does no damage.
You feel drained.
You now have 3/18 mp.
You hit the orc wizard but do no damage.
The orc wizard hits you but does no damage.
You feel drained.
You barely miss the orc wizard.
The orc wizard mumbles some strange words.
The orc wizard blinks!
The crimson imp blinks!
You see here a ball python corpse.
The orc wizard mumbles some strange words.
The orc wizard seems to speed up.
Aim: an orc wizard, wielding a dagger of draining and wearing a robe (severely wounded, fast)
The magic dart hits the orc wizard.
The orc wizard casts a spell at you. You resist with almost no effort.
Aim: an orc wizard, wielding a dagger of draining and wearing a robe (almost dead, fast)
The magic dart hits the orc wizard.
You kill the orc wizard!
Your base Hexes skill increases to level 3!
A crimson imp opens the door.
The crimson imp blinks!
You now have 2/18 mp.
The crimson imp blinks!
You close the door.
You start resting.
A crimson imp opens the door.
The crimson imp hits you but does no damage.
There is an open door here.
You hit the crimson imp.
The crimson imp seems to slow down.
The crimson imp misses you.
You hit the crimson imp.
The crimson imp shivers with cold.
The crimson imp closely misses you.
You closely miss the crimson imp. You sock the crimson imp!
You freeze the crimson imp.
You kill the crimson imp!
You close the door.
You start resting.
You regained 5 hp, and now have 27/39 hp.
You regained 5 mp, and now have 10/18 mp.
You open the door.
The centaur shouts!
The centaur wields a shortbow.
The centaur shoots an arrow.
The arrow hits you!
You take 8 damage, and have 19/39 hp.
MASSIVE DAMAGE!!
There is an open door here.
The centaur shoots an arrow.
The arrow hits you!
* * * LOW HITPOINT WARNING * * *
You see here 2 arrows.
You take 8 damage, and have 11/39 hp.
MASSIVE DAMAGE!!
You see here a ball python corpse.
Aim: a centaur, wielding a shortbow The searing ray hits the centaur. (Press . to maintain the ray.)
The centaur shoots an arrow.
The arrow hits you!
* * * LOW HITPOINT WARNING * * *
You take 8 damage, and have 4/39 hp.
MASSIVE DAMAGE!!
You now have 9/18 mp.
The searing ray hits the centaur.
The centaur unwields an uncursed shortbow.
The centaur hits you.
You die...

######### ###.......####
..........'(.# ...(......##c#
......##c###@#
.........###.##
......##....).. ####.## ...
..... #.##..######.....##...
.... ..##......##..........
...########......##.........#
#[........##......#....(.....
# ........##......#.......#.#
.........c[ยง.....5.........


You could see a centaur.

Vanquished Creatures
  The ghost of letownia2 the Charmwright, a weakling GnSk (D:4)
  2 crimson imps (D:5)
  2 hounds (D:4)
  Crazy Yiuf (D:2)
  4 orc priests
  5 orc wizards
  A hound skeleton (D:4)
  5 adders
  2 oozes
  2 adder skeletons
  5 worms
  2 dart slugs (D:1)
  2 leopard geckos
  21 orcs
  2 ball pythons
  3 giant cockroaches
  6 goblins
  9 hobgoblins
  3 jackals (D:1)
  3 quokkas
  5 bats
  12 frilled lizards
  6 kobolds
  A quokka skeleton (D:4)
  12 rats
117 creatures vanquished.

Vanquished Creatures (others)
  An orc (D:5)
1 creature vanquished.

Grand Total: 118 creatures vanquished

Notes
Turn   | Place    | Note
-------+----------+-------------------------------------------
     0 | D:1      | shakethe the Deep Elf Conjurer began the quest for the Orb.
     0 | D:1      | Reached XP level 1. HP: 10/10 MP: 6/6
     0 | D:1      | Noticed a shadow dragon
     0 | D:1      | Noticed a large abomination
     0 | D:1      | Noticed an orb of fire
     2 | D:1      | Noticed an ice dragon
     4 | D:1      | Noticed a large abomination
     7 | D:1      | Noticed a shadow dragon
     8 | D:1      | Noticed a tentacled monstrosity
    10 | D:1      | Noticed an iron dragon
    12 | D:1      | Noticed a tentacled monstrosity
    14 | D:1      | Noticed an orb of fire
    16 | D:1      | Noticed an iron dragon
    18 | D:1      | Noticed a tentacled monstrosity
    18 | D:1      | Noticed an orb of fire
    20 | D:1      | Noticed an orb of fire
   343 | D:1      | Reached XP level 2. HP: 15/15 MP: 4/8
   588 | D:1      | Learned a level 2 spell: Searing Ray
   763 | D:1      | Reached skill level 4 in Spellcasting
   844 | D:1      | Reached skill level 5 in Conjurations
   877 | D:1      | Reached XP level 3. HP: 19/19 MP: 7/10
   934 | D:1      | Learned a level 3 spell: Dazzling Spray
  1685 | D:2      | Reached XP level 4. HP: 24/24 MP: 4/12
  1691 | D:2      | Learned a level 4 spell: Iskenderun's Mystic Blast
  1922 | D:2      | Found a runed door.
  2253 | D:2      | Reached skill level 5 in Spellcasting
  2313 | D:2      | Found an ornate altar of the Wu Jian Council.
  2315 | D:2      | Found an ancient bone altar of Kikubaaqudgha.
  2315 | D:2      | Found a snail-covered altar of Cheibriados.
  2315 | D:2      | Found a shattered altar of Ashenzari.
  2324 | D:2      | Found a basalt altar of Yredelemnul.
  2328 | D:2      | Found an iron altar of Okawaru.
  2444 | D:2      | Noticed Crazy Yiuf
  2448 | D:2      | Killed Crazy Yiuf
  2689 | D:3      | Found a shimmering altar of Xom.
  2816 | D:3      | Reached XP level 5. HP: 28/28 MP: 10/14
  2822 | D:3      | Learned a level 4 spell: Force Lance
  3657 | D:4      | Got a jewelled leather armour
  3668 | D:4      | Identified the +3 leather armour of Least Resistance {rElec rC+ MR+} (You found it on level 4 of the Dungeon)
  3675 | D:4      | Reached skill level 3 in Stealth
  3675 | D:4      | Reached skill level 6 in Conjurations
  3695 | D:4      | Noticed letownia2's ghost (weakling GnSk)
  3883 | D:4      | Killed letownia2's ghost
  3883 | D:4      | Reached skill level 1 in Fighting
  3883 | D:4      | Reached skill level 3 in Dodging
  3883 | D:4      | Reached XP level 6. HP: 20/34 MP: 10/16
  4856 | D:4      | Reached skill level 6 in Spellcasting
  5060 | D:4      | Found a glowing golden altar of the Shining One.
  5133 | D:5      | Entered Level 5 of the Dungeon
  5144 | D:5      | Found a burning altar of Makhleb.
  5503 | D:5      | Reached XP level 7. HP: 37/39 MP: 14/18
  5518 | D:5      | Learned a level 3 spell: Confuse
  5611 | D:5      | Reached skill level 1 in Hexes
  5615 | D:5      | Reached skill level 2 in Hexes
  5626 | D:5      | Found a sparkling altar of Nemelex Xobeh.
  5652 | D:5      | Reached skill level 3 in Hexes
  5709 | D:5      | HP: 4/39 [centaur/arrow (8)]
  5710 | D:5      | Slain by a centaur

Skill      XL: |  1  2  3  4  5  6  7 |
---------------+----------------------+-----
Spellcasting   | 4 5 6 |  6.2
Conjurations   | 5 6 |  6.4
Stealth        | 3 |  3.9
Fighting       | 1 |  1.7
Dodging        | 3 |  3.7
Hexes          | 3 |  3.7

Action                   |  1- 3 |  4- 6 |  7- 9 || total
-------------------------+-------+-------+-------++-------
Melee: Whip              |    21 |     6 |       ||    27
       Quarterstaff      |       |    66 |    20 ||    86
 Cast: Magic Dart        |    66 |    66 |     3 ||   135
       Searing Ray       |     4 |    20 |     3 ||    27
       Iskenderun's Myst |       |     8 |     3 ||    11
  Use: Scroll            |       |     8 |     1 ||     9
  Eat: Chunk             |     2 |    12 |       ||    14
       Ration            |       |     1 |       ||     1
Armor: Robe              |     6 |     6 |       ||    12
       Leather armour    |       |    25 |     5 ||    30
Dodge: Dodged            |    18 |    76 |    16 ||   110

Vault maps used:
D:1:      shiori_arrival_whats_in_store_for_you, serial_co_window_serial,
          co_window_corner_a, co_window_of_opportunity_a, co_window_paths_b,
          co_window_paths_a, co_window_cross_1, co_window_unsneaky_path_c,
          co_window_broadway_c, co_window_of_opportunity_c,
          co_window_broadway_b, co_window_cross_2, co_window_of_opportunity_c,
          co_window_paths_c, glass_columns_a
D:2:      minmay_overflow_temple_hex, first_ration, uniq_crazy_yiuf_cottage
D:3:      old_standard_altar, patterned_corridor
D:4:      cheibrodos_old_hovel, nicolae_tso_carved_into_rock
D:5:      makhleb_grotto_becter, nemelex_lonely_heart_becter, uniq_duvessa

Table legend:
 A = Turns spent in this place as a percentage of turns spent in the entire game.
 B = Non-inter-level travel turns spent in this place as a percentage of non-inter-level travel turns spent in the entire game.
 C = Inter-level travel turns spent in this place as a percentage of turns spent in this place.
 D = Turns resting spent in this place as a percentage of non-inter-level travel turns spent in this place.
 E = Turns spent auto-exploring this place as a percentage of non-inter-level travel turns spent in this place.
 F = Non-inter-level travel turns spent in this place divided by the number of levels of this place that you've seen.
                   A       B       C       D       E      F
               +-------+-------+-------+-------+-------+----------------------
         Total | 100.0 | 100.0 |   1.5 |  26.3 |  45.1 | 1124.6
       Dungeon | 100.0 | 100.0 |   1.5 |  26.3 |  45.1 | 1124.6
               +-------+-------+-------+-------+-------+----------------------

Table legend:
 A = Kills in this place as a percentage of kills in entire the game.
 B = Kills by you in this place as a percentage of kills by you in the entire game.
 C = Kills by friends in this place as a percentage of kills by friends in the entire game.
 D = Other kills in this place as a percentage of other kills in the entire game.
 E = Experience gained in this place as a percentage of experience gained in the entire game.
 F = Experience gained in this place divided by the number of levels of this place that you have seen.
                   A       B       C       D       E      F
               +-------+-------+-------+-------+-------+----------------------
         Total | 100.0 | 100.0 |   N/A | 100.0 | 100.0 | 191.2
       Dungeon | 100.0 | 100.0 |   N/A | 100.0 | 100.0 | 191.2
               +-------+-------+-------+-------+-------+----------------------
